TOP OF THE 1ST |
Santa Fe Diablos batting - Pitching for Montgomery Biscuits : RHP Francisco Ríos
|
Pitching: RHP Francisco Ríos
|
|
Batting: LHB Roberto Lozano
|
0-0: Called Strike 0-1: Fly out, F7 (Flyball, 78D)
|
Batting: LHB John Nicholson
|
0-0: Ball 1-0: Foul Ball, location: 2F 1-1: Ball 2-1: Ball 3-1: Called Strike 3-2: Foul Ball, location: 2F 3-2: Foul Ball, location: 2F 3-2: SINGLE (Flyball, 89S)
|
Batting: RHB Roberto Zamora
|
0-0: Ball 1-0: Swinging Strike 1-1: Called Strike 1-2: Foul Ball, location: 2F 1-2: Ball 2-2: Foul Ball, location: 2F 2-2: Strikes out swinging
|
Batting: RHB Murai Ishihara
|
0-0: SINGLE (Line Drive, 56D) John Nicholson to second
|
Batting: LHB Gary Kern
|
0-0: Called Strike 0-1: Fly out, F4 (Popup, 4D)
|
Top of the 1st over - 0 run(s), 2 hit(s), 0 error(s), 2 left on base; Santa Fe 0 - Montgomery 0 |
BOTTOM OF THE 1ST |
Montgomery Biscuits batting - Pitching for Santa Fe Diablos : RHP Clarence Allen
|
Pitching: RHP Clarence Allen
|
|
Batting: RHB Carlos Vásquez
|
0-0: Ball Reached via error on a dropped throw, E3
|
Batting: SHB Jack Estes
|
0-0: Ball 1-0: Foul Ball, location: 2F 1-1: Swinging Strike 1-2: Foul Ball, location: 2F 1-2: Strikes out looking
|
Batting: RHB Yujiro Kurihara
|
0-0: Called Strike 0-1: Ball 1-1: Foul Ball, location: 2F 1-2: Ball 2-2: Grounds into double play, 6-4-3 (Groundball, 6)
|
Bottom of the 1st over - 0 run(s), 0 hit(s), 1 error(s), 0 left on base; Santa Fe 0 - Montgomery 0 |
TOP OF THE 2ND |
Santa Fe Diablos batting - Pitching for Montgomery Biscuits : RHP Francisco Ríos
|
Batting: LHB Don Soper
|
0-0: Swinging Strike 0-1: Called Strike 0-2: Strikes out swinging
|
Batting: RHB Ray Ervin
|
0-0: Ball 1-0: Ball 2-0: Called Strike 2-1: Foul Ball, location: 2F 2-2: Ball 3-2: Foul Ball, location: 2F 3-2: Strikes out swinging
|
Batting: RHB John Dinkins
|
0-0: Called Strike 0-1: Ball 1-1: Swinging Strike 1-2: Strikes out swinging
|
Top of the 2nd over - 0 run(s), 0 hit(s), 0 error(s), 0 left on base; Santa Fe 0 - Montgomery 0 |
BOTTOM OF THE 2ND |
Montgomery Biscuits batting - Pitching for Santa Fe Diablos : RHP Clarence Allen
|
Batting: RHB Pete Smith
|
0-0: Ball 1-0: Foul Ball, location: 2F 1-1: SOLO HOME RUN (Flyball, 9D), Distance : 385 ft
|
Batting: RHB Raúl Alejándrez
|
0-0: Ball 1-0: Ground out 4-3 (Groundball, 4)
|
Batting: RHB Peyton Yardley
|
0-0: Ball 1-0: Fly out, F8 (Flyball, 8LXD)
|
Batting: RHB Warren Martin
|
0-0: Swinging Strike 0-1: Ball 1-1: Ball 2-1: Swinging Strike 2-2: Foul Ball, location: 2F 2-2: Ground out 4-3 (Groundball, 4)
|
Bottom of the 2nd over - 1 run(s), 1 hit(s), 0 error(s), 0 left on base; Santa Fe 0 - Montgomery 1 |
TOP OF THE 3RD |
Santa Fe Diablos batting - Pitching for Montgomery Biscuits : RHP Francisco Ríos
|
Batting: RHB Michael Anderson
|
0-0: Ball 1-0: Foul Ball, location: 2F 1-1: Swinging Strike 1-2: Fly out, F6 (Line Drive, 6)
|
Batting: LHB Roberto Lozano
|
0-0: Ball 1-0: Ball 2-0: Ball 3-0: Called Strike 3-1: Ground out U3 (Groundball, 3)
|
Batting: LHB John Nicholson
|
0-0: Called Strike 0-1: Fly out, F7 (Flyball, 7M)
|
Top of the 3rd over - 0 run(s), 0 hit(s), 0 error(s), 0 left on base; Santa Fe 0 - Montgomery 1 |
BOTTOM OF THE 3RD |
Montgomery Biscuits batting - Pitching for Santa Fe Diablos : RHP Clarence Allen
|
Batting: LHB Brian MacIntosh
|
0-0: Swinging Strike 0-1: Swinging Strike 0-2: Ball 1-2: Foul Ball, location: 2F 1-2: Foul Ball, location: 2F 1-2: Foul Ball, location: 2F 1-2: Strikes out swinging
|
Batting: SHB Tony Echevarría
|
0-0: Ball 1-0: Ball 2-0: Called Strike 2-1: Called Strike 2-2: Foul Ball, location: 2F 2-2: Strikes out swinging
|
Batting: RHB Carlos Vásquez
|
0-0: Ground out 1-3 (Groundball, 13S)
|
Bottom of the 3rd over - 0 run(s), 0 hit(s), 0 error(s), 0 left on base; Santa Fe 0 - Montgomery 1 |
TOP OF THE 4TH |
Santa Fe Diablos batting - Pitching for Montgomery Biscuits : RHP Francisco Ríos
|
Batting: RHB Roberto Zamora
|
0-0: Ball 1-0: Ball 2-0: Called Strike 2-1: Ball 3-1: Fly out, F4 (Popup, 4D)
|
Batting: RHB Murai Ishihara
|
0-0: Ball 1-0: Fly out, F9 (Flyball, 89S)
|
Batting: LHB Gary Kern
|
0-0: Called Strike 0-1: Foul Ball, location: 2F 0-2: DOUBLE (Line Drive, 5L)
|
Batting: LHB Don Soper
|
0-0: Foul Ball, location: 2F 0-1: Called Strike 0-2: Ground out 3-1 (Groundball, 34S)
|
Top of the 4th over - 0 run(s), 1 hit(s), 0 error(s), 1 left on base; Santa Fe 0 - Montgomery 1 |
BOTTOM OF THE 4TH |
Montgomery Biscuits batting - Pitching for Santa Fe Diablos : RHP Clarence Allen
|
Batting: SHB Jack Estes
|
0-0: Foul Ball, location: 2F 0-1: Ground out 4-3 (Groundball, 34)
|
Batting: RHB Yujiro Kurihara
|
0-0: Foul Ball, location: 2F 0-1: Ball 1-1: Ball 2-1: Swinging Strike 2-2: Ball 3-2: Base on Balls
|
Batting: RHB Pete Smith
|
0-0: Ball Yujiro Kurihara steals 2nd base 1-0: Ground out 6-3 (Groundball, 6)
|
Batting: RHB Raúl Alejándrez
|
0-0: Swinging Strike 0-1: DOUBLE (Flyball, 8RM) Yujiro Kurihara scores
|
Batting: RHB Peyton Yardley
|
0-0: Called Strike 0-1: Called Strike 0-2: Strikes out looking
|
Bottom of the 4th over - 1 run(s), 1 hit(s), 0 error(s), 1 left on base; Santa Fe 0 - Montgomery 2 |
TOP OF THE 5TH |
Santa Fe Diablos batting - Pitching for Montgomery Biscuits : RHP Francisco Ríos
|
Batting: RHB Ray Ervin
|
0-0: Ball 1-0: Called Strike 1-1: Foul Ball, location: 2F 1-2: Ball 2-2: Strikes out swinging
|
Batting: RHB John Dinkins
|
0-0: Called Strike 0-1: Ball 1-1: Called Strike 1-2: Strikes out swinging
|
Batting: RHB Michael Anderson
|
0-0: Ball 1-0: Ground out 5-3 (Groundball, 56)
|
Top of the 5th over - 0 run(s), 0 hit(s), 0 error(s), 0 left on base; Santa Fe 0 - Montgomery 2 |
BOTTOM OF THE 5TH |
Montgomery Biscuits batting - Pitching for Santa Fe Diablos : RHP Clarence Allen
|
Batting: RHB Warren Martin
|
0-0: Bunted foul 0-1: Ball 1-1: Ball 2-1: Ball 3-1: Base on Balls
|
Batting: LHB Brian MacIntosh
|
0-0: Called Strike 0-1: Foul Ball, location: 2F 0-2: Strikes out looking
|
Batting: SHB Tony Echevarría
|
0-0: Called Strike 0-1: Ball 1-1: Ball 2-1: Ball 3-1: Foul Ball, location: 2F 3-2: Fly out, F9 (Flyball, 9M) 3-2: Fly out, F9 (Flyball, 9M)
|
Batting: RHB Carlos Vásquez
|
0-0: Foul Ball, location: 2F 0-1: Ground out 4-3 (Groundball, 34)
|
Bottom of the 5th over - 0 run(s), 0 hit(s), 0 error(s), 1 left on base; Santa Fe 0 - Montgomery 2 |
TOP OF THE 6TH |
Santa Fe Diablos batting - Pitching for Montgomery Biscuits : RHP Francisco Ríos
|
Batting: LHB Roberto Lozano
|
0-0: Called Strike 0-1: Called Strike 0-2: Ball 1-2: Ball 2-2: Strikes out looking
|
Batting: LHB John Nicholson
|
0-0: Foul Ball, location: 2F 0-1: Foul Ball, location: 2F 0-2: Ball 1-2: Ground out 6-3 (Groundball, 6M)
|
Batting: RHB Roberto Zamora
|
0-0: Foul Ball, location: 2F 0-1: Ball 1-1: Foul Ball, location: 2F 1-2: Strikes out looking
|
Top of the 6th over - 0 run(s), 0 hit(s), 0 error(s), 0 left on base; Santa Fe 0 - Montgomery 2 |
BOTTOM OF THE 6TH |
Montgomery Biscuits batting - Pitching for Santa Fe Diablos : RHP Clarence Allen
|
Batting: SHB Jack Estes
|
0-0: Ball 1-0: Ball 2-0: Foul Ball, location: 2F 2-1: Foul Ball, location: 2F 2-2: Strikes out looking
|
Batting: RHB Yujiro Kurihara
|
0-0: Ball 1-0: Called Strike 1-1: Ball 2-1: Ball 3-1: Foul Ball, location: 2F 3-2: Base on Balls
|
Batting: RHB Pete Smith
|
0-0: Ball 1-0: Ball 2-0: Ball 3-0: Called Strike 3-1: Called Strike 3-2: Foul Ball, location: 2F 3-2: Foul Ball, location: 2F 3-2: Base on Balls Yujiro Kurihara to second
|
Batting: RHB Raúl Alejándrez
|
0-0: Ball 1-0: Grounds into double play, 3-6-1 (Groundball, 3)
|
Bottom of the 6th over - 0 run(s), 0 hit(s), 0 error(s), 1 left on base; Santa Fe 0 - Montgomery 2 |
TOP OF THE 7TH |
Santa Fe Diablos batting - Pitching for Montgomery Biscuits : RHP Francisco Ríos
|
Batting: RHB Murai Ishihara
|
0-0: Called Strike 0-1: Ball 1-1: Foul Ball, location: 2F 1-2: Ground out 5-3 (Groundball, 5S)
|
Batting: LHB Gary Kern
|
0-0: Swinging Strike 0-1: Ground out 4-3 (Groundball, 4)
|
Batting: LHB Don Soper
|
0-0: SINGLE (Flyball, 7S)
|
Batting: RHB Ray Ervin
|
0-0: Fielders Choice at 2nd, 5-4 (Groundball, 5)
|
Top of the 7th over - 0 run(s), 1 hit(s), 0 error(s), 0 left on base; Santa Fe 0 - Montgomery 2 |
BOTTOM OF THE 7TH |
Montgomery Biscuits batting - Pitching for Santa Fe Diablos : RHP Clarence Allen
|
Pitching: RHP David Sheppard
|
|
Batting: RHB Peyton Yardley
|
0-0: Ball 1-0: Called Strike 1-1: Ball 2-1: Ball 3-1: Foul Ball, location: 2F 3-2: Fly out, F9 (Line Drive, 9D)
|
Batting: RHB Warren Martin
|
0-0: Called Strike 0-1: Ball 1-1: Foul Ball, location: 2F 1-2: Foul Ball, location: 2F 1-2: Ball 2-2: Foul Ball, location: 2F 2-2: Ball 3-2: Base on Balls
|
Batting: LHB Brian MacIntosh
|
0-0: Ball 1-0: Called Strike 1-1: Ball 2-1: Ball 3-1: SINGLE (Groundball, 6MD) Warren Martin to second Runner from 2nd tries for 3rd, SAFE, throw made to third Brian MacIntosh to second
|
Batting: SHB Tony Echevarría
|
0-0: Foul Ball, location: 2F 0-1: Fly out, F7 (Flyball, 7D) Runner from 3rd tags up, SCORES, no throw
|
Batting: RHB Carlos Vásquez
|
0-0: Ball 1-0: SINGLE (Groundball, 34S) Brian MacIntosh to third Runner from 3rd tries for Home, SAFE, no throw or cutoff
|
Batting: SHB Jack Estes
|
0-0: Called Strike Carlos Vásquez steals 2nd base 0-1: Ground out 4-3 (Groundball, 4)
|
Bottom of the 7th over - 2 run(s), 2 hit(s), 0 error(s), 1 left on base; Santa Fe 0 - Montgomery 4 |
TOP OF THE 8TH |
Santa Fe Diablos batting - Pitching for Montgomery Biscuits : RHP Francisco Ríos
|
Batting: RHB John Dinkins
|
0-0: Ball 1-0: Ball 2-0: Fly out, F8 (Flyball, 8RD)
|
Pitching: RHP Jim Baker
|
|
Batting: RHB Michael Anderson
|
0-0: Ball 1-0: Ball 2-0: Called Strike 2-1: SINGLE (Flyball, 8LS)
|
Batting: LHB Roberto Lozano
|
0-0: Foul Ball, location: 2F 0-1: Swinging Strike 0-2: Foul Ball, location: 2F 0-2: Ball 1-2: Ball 2-2: Strikes out swinging
|
Batting: LHB John Nicholson
|
0-0: Swinging Strike 0-1: Foul Ball, location: 2F 0-2: Strikes out swinging
|
Top of the 8th over - 0 run(s), 1 hit(s), 0 error(s), 1 left on base; Santa Fe 0 - Montgomery 4 |
BOTTOM OF THE 8TH |
Montgomery Biscuits batting - Pitching for Santa Fe Diablos : RHP David Sheppard
|
Batting: RHB Yujiro Kurihara
|
0-0: Called Strike 0-1: Called Strike 0-2: Strikes out looking
|
Batting: RHB Pete Smith
|
0-0: Ball 1-0: Ball 2-0: Ball 3-0: Base on Balls
|
Batting: RHB Raúl Alejándrez
|
0-0: Ball 1-0: Fly out, F7 (Flyball, 7M)
|
Batting: RHB Peyton Yardley
|
0-0: Called Strike 0-1: Ball Pete Smith is caught stealing 2nd base
|
Bottom of the 8th over - 0 run(s), 0 hit(s), 0 error(s), 0 left on base; Santa Fe 0 - Montgomery 4 |
TOP OF THE 9TH |
Santa Fe Diablos batting - Pitching for Montgomery Biscuits : RHP Jim Baker
|
Batting: RHB Roberto Zamora
|
0-0: Called Strike 0-1: SINGLE (Line Drive, 56)
|
Batting: RHB Murai Ishihara
|
0-0: DOUBLE (Line Drive, 9LS) Roberto Zamora to third
|
Pitching: RHP Félix Andrade
|
|
Batting: LHB Gary Kern
|
0-0: Ball 1-0: Foul Ball, location: 2F 1-1: Swinging Strike 1-2: Strikes out swinging
|
Batting: LHB Don Soper
|
0-0: Ball 1-0: Fly out, F8 (Flyball, 8LS)
|
Batting: RHB Ray Ervin
|
0-0: Ball 1-0: SINGLE (Flyball, 7S) Roberto Zamora scores Murai Ishihara to third Runner from 3rd tries for Home, SAFE, no throw or cutoff
|
Batting: RHB John Dinkins
|
0-0: Called Strike 0-1: Foul Ball, location: 2F 0-2: Ball 1-2: Strikes out swinging
|
Top of the 9th over - 2 run(s), 3 hit(s), 0 error(s), 1 left on base; Santa Fe 2 - Montgomery 4 |
|